 Dungeon Crawl Stone Soup version 0.30-a0-1161-g0704695555 (console) character file.

Game seed: 11777911481994813854

1215 petzl the Sneak (level 8, 0/49 (52) HPs)
             Began as a Formicid Delver on Apr 27, 2023.
             Slain by a killer bee (6 damage)
             ... on level 9 of the Dungeon.
             The game lasted 00:50:17 (8198 turns).

petzl the Sneak (Formicid Delver)                   Turns: 8198, Time: 00:50:17

HP:   0/49 (52)     AC:  4    Str: 16    XL:     8   Next: 74%
MP:   14/15         EV: 11    Int: 13    God:
Gold: 264           SH:  5    Dex: 15    Spells: 9/17 levels left

rFire   + . .        c - +1 dagger (protect) {!f =f}
rCold   + . .        k - +0 buckler
rNeg    . . .        o - +0 leather armour
rPois   .            (helmet unavailable)
rElec   .            (no cloak)
rCorr   .            r - +0 pair of gloves
SInv    +            (no boots)
Will    .....        (no amulet)
Stlth   +++          p - ring of flight
HPRegen 0.28/turn    s - ring of protection from fire
MPRegen 0.14/turn

%: no passive effects
@: lethally poisoned (0 -> -31), flying, drained
A: permanent stasis, dig shafts and tunnels, antennae 3, four strong arms, cold
resistance 1, frail 1
a: Dig, Shaft Self


You were on level 9 of the Dungeon.
You visited 1 branch of the dungeon, and saw 11 of its levels.

You collected 599 gold pieces.
You spent 335 gold pieces at shops.

Inventory:

Hand Weapons
 a - a +0 sling of draining
 b - a +2 dagger of freezing {!f =f}
 c - a +1 dagger of protection (weapon) {!f =f}
 f - a +0 shortbow
 j - a +0 mace
 q - a +0 quarterstaff
 E - a +5 battleaxe {!f =f}
 F - a +1 heavy mace
Missiles
 y - a throwing net
 D - 11 poisoned darts
Armour
 k - a +0 buckler (worn)
 o - a +0 leather armour (worn)
 r - a +0 pair of gloves (worn)
Jewellery
 p - a ring of flight (left hand)
 s - a ring of protection from fire (right hand)
 t - a ring of resist corrosion
Wands
 v - a wand of digging (3)
 C - a wand of flame (7)
Scrolls
 d - a scroll of magic mapping
 e - 2 scrolls of fear
 g - 2 scrolls of silence
 w - a scroll of enchant weapon {unknown}
Potions
 h - 4 potions of curing
 i - 3 potions of brilliance
 l - a potion of flight {unknown}
 m - a potion of lignification {unknown}
 n - a potion of heal wounds
 u - a potion of might {unknown}
 x - a potion of cancellation {unknown}
 z - 2 potions of attraction {unknown}
 B - a potion of haste {unknown}
Miscellaneous
 A - a lightning rod (2/4)


   Skills:
 - Level 3.2 Fighting
 - Level 2.0 Maces & Flails
 - Level 3.0 Ranged Weapons
 - Level 1.7 Dodging
 - Level 6.0 Stealth
 - Level 4.0 Shields
 + Level 5.0 Spellcasting
 * Level 5.5 Conjurations
 + Level 0.5 Hexes
 + Level 2.1 Translocations
 + Level 0.4 Evocations


You had 9 spell levels left.
You knew the following spells:

 Your Spells              Type           Power      Damage    Failure   Level
a - Magic Dart            Conj           68%        1d6       3%          1
b - Iskenderun's Mystic   Conj/Tloc      13%        2d5       52%         4
c - Dazzling Flash        Conj/Hex       22%        N/A       24%         3

Your spell library contained the following spells:

 Spells                   Type           Power      Damage    Failure   Level
 Searing Ray              Conj           34%        2d5       4%          2
 Volatile Blastmotes      Fire/Tloc      12%        2d11      50%         3
 Fulminant Prism          Conj/Hex       5%         3d7       63%         4
 Simulacrum               Ice/Necr       1%         N/A       100%        6
 Starburst                Conj/Fire      5%         6d4       100%        6
 Ozocubu's Refrigeration  Ice            1%         4d7       100%        7
 Polar Vortex             Ice            1%         N/A       100%        9


Dungeon Overview and Level Annotations

Branches:
Dungeon (11/15)              Lair (0/5) D:9
 Temple: D:4-7          Orc: D:9-12

Altars:
Gozag
Hepliaklqana

Shops:
D:1 [?[=   D:5 *   D:9 ![   D:11 ?

Annotations:
D:3 exclusions: downstairs and sky beast
D:4 exclusion: scorpion
D:5 exclusions: black bear, ice beast, iguana, ogre and scorpion
D:6 exclusions: black bear, 2 downstairs and upstairs
D:7 exclusion: downstairs
D:9 exclusions: basilisk, elephant, 2 sensed monsters (detected), troll, upstairs and yak
D:10 exclusions: 2 downstairs, 3 sensed monsters (detected) and unseen horror


Innate Abilities, Weirdness & Mutations

You cannot be hasted, slowed, berserked, paralysed or teleported.
You can dig through walls and to a lower floor.
You have a pair of large antennae on your head. (SInv)
Your four strong arms can wield two-handed weapons with a shield.
Your flesh is cold resistant. (rC+)
You are frail. (-10% HP)


Message History

Unknown command.
There is an escape hatch in the ceiling here.
A mysterious force pulls you upwards. The hatch slams shut behind you.
Level annotation: exclusions: basilisk, elephant, 2 sensed monsters (detected), troll, upstairs and yak The killer bee buzzes angrily. x3; The queen bee buzzes angrily.
The killer bee buzzes angrily. x5
You block the killer bee's attack. The killer bee barely misses you.
The killer bee buzzes angrily.
The killer bee barely misses you. The killer bee closely misses you.
The killer bee barely misses you.
The killer bee buzzes angrily. x2
Found five yak corpses and 3 potions of ambrosia.
You see here a potion of ambrosia.
Are you sure you want to shaft yourself?
Okay, then.
Okay, then.
Okay, then.
Are you sure you want to shaft yourself?
The killer bee stings you.
You are poisoned.
The killer bee poisons you! The killer bee stings you.
You are more poisoned.
The killer bee poisons you! The killer bee stings you.
You block the killer bee's attack.
The killer bee stings you but does no damage.
The killer bee stings you. The killer bee stings you!
You are lethally poisoned!
The killer bee poisons you! The killer bee barely misses you.
The killer bee stings you.
You begin to dig a shaft.
You continue digging a shaft.
* * * LOW HITPOINT WARNING * * *
You feel extremely sick. The killer bee stings you.
* * * LOW HITPOINT WARNING * * *
You are more poisoned.
The killer bee poisons you! The killer bee misses you.
The killer bee stings you.
* * * LOW HITPOINT WARNING * * *
The killer bee stings you.
You die...

# #
##############
.............#
###..........#
#..........#
#..........#
###........>.#
..+..........#
**#..........#
#..........###*
#####+####....*
#..# *###.#*
##.# *,.## #)#
**yy#
#####)########y#
#....[...#!yyyy#
#........#yyyy@#
#........#.yyyy#
#........#######
## #..........#
.###..........#
...#..........#
.#.+...<......#
####...)).>...#
# *############
*~~~~~*
***~⌠,⌠~***
*,*~,∩,,+,*
*,*~⌠,⌠~*,*
+,*~~~~~*,*
#,*******,*
#{,,,,,,,,*
#,{,,,,,,,*
*,,,,,,,,∩* ###


You could see a queen bee and 14 killer bees.

Vanquished Creatures
  4 centaurs
  A phantom (D:4)
  A kobold brigand (D:9)
  4 wights (D:9)
  4 hounds
  A jelly (D:5)
  A gnoll bouda (D:5)
  Natasha (twice) (D:4)
  An iguana (D:5)
  A sleepcap (D:5)
  2 orc wizards
  8 gnolls
  7 adders
  An ufetubus (D:5)
  2 dart slugs
  4 orcs
  5 ball pythons
  8 endoplasms
  4 giant cockroaches
  7 hobgoblins
  2 jackals (D:2)
  8 kobolds
  2 quokkas
  4 bats
  3 frilled lizards
  4 goblins
  5 rats
  2 butterflies (D:3)
98 creatures vanquished.

Vanquished Creatures (others)
  A fungus (D:9)
1 creature vanquished.

Grand Total: 99 creatures vanquished

Notes
Turn   | Place    | Note
-------+----------+-------------------------------------------
     0 | D:5      | petzl the Formicid Delver began the quest for the Orb.
     0 | D:5      | Reached XP level 1. HP: 18/18 MP: 1/1
     6 | D:5      | Noticed a scorpion
    46 | D:5      | Noticed a black bear
    70 | D:5      | Noticed a gnoll bouda
    84 | D:5      | Noticed a sleepcap
    86 | D:5      | Noticed a hound
    90 | D:5      | You fall into a shaft and drop 3 floors!
   172 | D:7      | You fall into a shaft and drop 1 floor!
   299 | D:8      | Noticed an orc priest
   310 | D:8      | Noticed an orc wizard
   397 | D:9      | Found Kazxir's Armour Shoppe.
   401 | D:9      | Bought a +0 buckler for 45 gold pieces
   420 | D:7      | Noticed a howler monkey
   421 | D:7      | Noticed a howler monkey
   435 | D:5      | Noticed an iguana
   469 | D:7      | Noticed an orc wizard
   469 | D:7      | Noticed a howler monkey
   486 | D:6      | Noticed a black bear
   536 | D:5      | Noticed an iguana
   644 | D:4      | Reached skill level 1 in Shields
   644 | D:4      | Reached skill level 1 in Spellcasting
   644 | D:4      | Reached XP level 2. HP: 15/24 MP: 1/4
   749 | D:4      | Reached XP level 3. HP: 12/29 MP: 4/6
   751 | D:4      | Learned a level 1 spell: Magic Dart
  1020 | D:4      | Reached skill level 1 in Conjurations
  1020 | D:4      | Reached XP level 4. HP: 35/35 MP: 6/8
  1157 | D:4      | Noticed a phantom
  1194 | D:3      | Noticed a sky beast
  1429 | D:2      | Reached XP level 5. HP: 41/41 MP: 9/9
  1510 | D:1      | Found Jeosusch's Magic Scroll Emporium.
  1729 | D:1      | Found Neck's Jewellery Shoppe.
  1869 | D:1      | Found Noxuel's Armour Shop.
  1906 | D:1      | Found Radumnef's Magic Scroll Emporium.
  1906 | D:1      | Found Podirch's Armour Boutique.
  1941 | D:1      | Bought a scroll of brand weapon for 114 gold pieces
  1941 | D:1      | Bought a scroll of identify for 24 gold pieces
  1941 | D:1      | Bought a scroll of identify for 24 gold pieces
  1956 | D:1      | Bought a +0 pair of gloves for 58 gold pieces
  2128 | D:1      | Found a faded altar of an unknown god.
  2838 | D:3      | Reached skill level 1 in Ranged Weapons
  3412 | D:4      | Noticed Natasha
  3426 | D:3      | Reached XP level 6. HP: 31/47 MP: 10/10
  3926 | D:4      | Killed Natasha
  4286 | D:5      | Reached XP level 7. HP: 52/52 MP: 12/12
  4344 | D:5      | Found a hazy altar of Hepliaklqana.
  4512 | D:4      | Noticed Natasha
  4582 | D:4      | Killed Natasha
  4702 | D:5      | Found Hiaz's Lightly-Used Armoury.
  4751 | D:5      | Noticed a troll
  5455 | D:6      | Noticed a two-headed ogre
  6218 | D:7      | Noticed a steam dragon
  6222 | D:7      | You are sucked into a shaft and drop 1 floor!
  6226 | D:8      | Noticed a steam dragon
  6242 | D:8      | You are sucked into a shaft and drop 1 floor!
  6384 | D:9      | Noticed a basilisk
  6384 | D:9      | Noticed a troll
  6387 | D:9      | Found a staircase to the Lair.
  6387 | D:9      | Noticed an elephant
  6387 | D:9      | Noticed a yak
  6398 | D:9      | Noticed a steam dragon
  6470 | D:10     | Entered Level 10 of the Dungeon
  6553 | D:10     | Reached XP level 8. HP: 49/50 MP: 14/14
  6572 | D:10     | Learned a level 4 spell: Iskenderun's Mystic Blast
  6576 | D:10     | Learned a level 3 spell: Dazzling Flash
  6585 | D:9      | Found Qiecid's Distillery.
  6593 | D:9      | Bought a potion of heal wounds for 70 gold pieces
  6595 | D:9      | Gained mutation: You have sharp fingernails. [potion of
                  | mutation]
  6595 | D:9      | Gained mutation: You do not regenerate when monsters are
                  | visible. [potion of mutation]
  6595 | D:9      | Gained mutation: Your flesh is heat resistant. (rF+)
                  | [potion of mutation]
  6596 | D:9      | Lost mutation: Your flesh is heat resistant. (rF+) [potion
                  | of mutation]
  6596 | D:9      | Lost mutation: You have sharp fingernails. [potion of
                  | mutation]
  6596 | D:9      | Gained mutation: Your flesh is cold resistant. (rC+)
                  | [potion of mutation]
  6596 | D:9      | Gained mutation: You are strong-willed. (Will+) [potion of
                  | mutation]
  6659 | D:9      | Lost mutation: You are strong-willed. (Will+) [potion of
                  | mutation]
  6659 | D:9      | Lost mutation: You do not regenerate when monsters are
                  | visible. [potion of mutation]
  6659 | D:9      | Gained mutation: You are frail. (-10% HP) [potion of
                  | mutation]
  6873 | D:10     | Reached skill level 1 in Translocations
  7195 | D:10     | Found an opulent altar of Gozag.
  7245 | D:10     | Noticed an unseen horror
  7256 | D:11     | Noticed a green ugly thing
  7256 | D:11     | Noticed a gargoyle
  7471 | D:9      | Reached skill level 5 in Conjurations
  7656 | D:9      | Reached skill level 5 in Spellcasting
  8087 | D:11     | Noticed a troll
  8087 | D:11     | Found Doloip's Magic Scroll Shoppe.
  8155 | D:10     | Noticed a troll
  8196 | D:9      | Noticed a queen bee
  8198 | D:9      | Slain by a killer bee

Illustrated notes

Levels and vault maps discovered:
D:1:      sevenhm_arrival_forest_fort_large_2, layout_loops_ring,
          hellmonk_ecumenical_altar_arch_garden, serial_shops,
          nicolae_shop_stone, shop, nicolae_shop_back_alley_shop, shop_coins,
          shop
D:2:      layout_rooms, serial_glass, glass_columns_c, glass_columns_a,
          glass_columns_a, glass_columns_c, glass_columns_c, glass_columns_b
D:3:      layout_loops_ring, hangedman_glass_garden
D:4:      wander_river, layout_basic, hex_tiny, uniq_natasha
D:5:      layout_rooms, worldfamousw_hep_ancestral_shrine, minmay_shop_damaged,
          lightli_corner_chamber
D:6:      layout_loops_ring, nrook_mini_backslash
D:7:      minmay_the_grid_octo_tiled_octocenter
          [minmay_the_grid_octo_vomiting_pacman, minmay_the_grid_octo_checkered,
          minmay_the_grid_octo_odd_swirl, minmay_the_grid_octo_teeth,
          minmay_the_grid_octo_prize_single_spiral,
          minmay_the_grid_square_5x5_minivault,
          minmay_the_grid_square_5x5_six_small,
          minmay_the_grid_square_5x5_three_walls,
          minmay_the_grid_square_5x5_gyroscope], layout_cave_pools,
          serial_gnoll_camp, gnoll_camp_mini_shop, gnoll_camp_medium_02,
          gnoll_camp_mini_hut, gnoll_camp_mini_shop, gnoll_camp_mini_shop,
          minmay_unpleasant_kobolds
D:8:      layout_layer_cave, uniq_maggie
D:9:      layout_roguey, david_lair_generic, serial_shops,
          nicolae_shop_hallway_stairs, kennysheep_little_box, shop,
          nicolae_shop_tiny_real_fake_doors, nicolae_shop_industrial_runoff,
          special_room [special_room_bee]
D:10:     layout_layer_cave, amcnicky_altar_gilded, st_stairs_7
D:11:     layout_long_grid, kennysheep_orc_monster_closet_entryway,
          serial_shops, shop, nicolae_shop_hallway_stairs,
          kennysheep_orc_sif_temple, uniq_erolcha

Skill      XL: |  1  2  3  4  5  6  7  8 |
---------------+-------------------------+-----
Shields        | 1 2 3 4 |  4.0
Spellcasting   | 1 2 3 4 5 |  5.0
Conjurations   | 1 2 3 4 5 |  5.5
Ranged Weapons | 1 2 3 |  3.0
Translocations | 2 |  2.1
Fighting       | |  3.2
Maces & Flails | |  2.0
Dodging        | |  1.7
Stealth        | |  6.0
Hexes          | |  0.5
Evocations     | |  0.4

Action                     |  1- 3 |  4- 6 |  7- 9 || total
---------------------------+-------+-------+-------++-------
  Melee: Dagger            |    40 |   155 |   172 ||   367
         Mace              |     5 |       |       ||     5
   Fire: Sling             |       |    63 |    48 ||   111
   Cast: Dazzling Flash    |       |       |     1 ||     1
Ability: Shaft Self        |     2 |       |     3 ||     5
         Dig               |     1 |       |     6 ||     7
  Evoke: Wand              |       |       |     3 ||     3
         Lightning rod     |       |       |     4 ||     4
    Use: Scroll            |       |     4 |     6 ||    10
         Potion            |       |     1 |    10 ||    11
   Stab: Sleeping          |     3 |     9 |     1 ||    13
 Armour: Leather armour    |    12 |    45 |    94 ||   151
  Dodge: Dodged            |    40 |    60 |   180 ||   280
  Block: Buckler           |     7 |    20 |    75 ||   102

Table legend: (Time is in decaauts)
 A = Elapsed time spent in this place.
 B = Non-inter-level travel time spent in this place.
 C = Inter-level travel time spent in this place.
 D = Time resting spent in this place.
 E = Time spent auto-exploring this place.
 F = Levels seen in this place.
 G = Mean time per level.
                   A        B        C        D        E       F      G
               +--------+--------+--------+--------+--------+-----+--------+
         Total |   8254 |   7939 |    315 |   1639 |   3518 |  11 |  750.4 |
       Dungeon |   8254 |   7939 |    315 |   1639 |   3518 |  11 |  750.4 |
               +--------+--------+--------+--------+--------+-----+--------+

Top non-repeatable levels by time:
     D:4: 1415 daAuts
     D:9: 1286 daAuts
     D:3: 1154 daAuts
     D:6: 947 daAuts
     D:5: 898 daAuts
    D:10: 849 daAuts
     D:1: 795 daAuts
     D:2: 466 daAuts
     D:8: 403 daAuts
     D:7: 33 daAuts
    D:11: 3 daAuts
